 Dungeon Crawl Stone Soup version 0.25-a0-44-g29a1220a87 (webtiles) character file.

Game seed: 7267414259812809823, levelgen mode: deterministic

11 Alarkh the Skirmisher (level 2, 21/24 HPs)
             Began as a Demonspawn Fighter on Oct 23, 2019.
             Got out of the dungeon alive.
             The game lasted 00:00:09 (477 turns).

Alarkh the Skirmisher (Demonspawn Fighter)           Turns: 477, Time: 00:00:09

Health: 21/24      AC:  6    Str: 16    XL:     2   Next: 17%
Magic:  2/2        EV:  6    Int:  9    God:
Gold:   13         SH:  8    Dex: 12    Spells: 1/1 levels left

rFire    . . .     SeeInvis .   a - +0 long sword
rCold    . . .     Gourm    .   c - +0 shield
rNeg     . . .     Faith    .   b - +0 scale mail
rPois    .         Spirit   .   (no helmet)
rElec    .         Reflect  .   (no cloak)
rCorr    .         Harm     .   (no gloves)
MR       .....                  (no boots)
Stlth    ..........             (no amulet)
HPRegen  0.08/turn              (no ring)
MPRegen  0.08/turn              (no ring)

@: no status effects
A: rot immunity
a: no special abilities


You escaped.
You were not hungry.

You visited 1 branch of the dungeon, and saw 1 of its levels.

You collected 13 gold pieces.

Inventory:

Hand Weapons
 a - a +0 long sword (weapon)
Armour
 b - a +0 scale mail (worn)
 c - a +0 shield (worn)
Scrolls
 h - a scroll of identify {unknown}
 j - a scroll of random uselessness {unknown}
Potions
 d - a potion of might
 e - 2 potions of curing {unknown}
 g - a potion of brilliance {unknown}
Comestibles
 f - a ration
 i - 4 chunks of flesh


   Skills:
 - Level 3.0 Fighting
 + Level 2.6 Long Blades
 - Level 2.6 Armour
 - Level 2.6 Shields


You had one spell level left.
You didn't know any spells.
Your spell library was empty.

Dungeon Overview and Level Annotations

Branches:
Dungeon (1/15)

Altars:


Innate Abilities, Weirdness & Mutations

You are immune to rotting.


Message History

An ooze is nearby!
An ooze is nearby!
You hit the ooze.
The ooze is heavily wounded.
You block the ooze's attack. x2
An ooze is nearby!
You hit the ooze but do no damage.
The ooze is heavily wounded.
The ooze hits you.
An ooze is nearby!
You slash the ooze!
You kill the ooze!
You have reached level 2!
Your demonic ancestry asserts itself...
You feel immune to rotting.
There is a stone staircase leading down here.
Found 14 gold pieces.
There is a staircase leading out of the dungeon here.
Are you sure you want to leave the Dungeon?
This will make you lose the game!
You have escaped!

#.......# #.##.##.#
#######.##.##.#############
#.........................#
####.#####.#####.#####.#####.#
#.....###...###...###(..###..#
.###...#.....#.....#.....#...#
.#...[..#####.......#####....#
.#.#.....###....@....###.....#
#...#.....#...........#......#
##.###.....#####.#####.....#.##.#
#.####.....###...###.......###..
##...........#.....#.....#.######
#...#####.....#####..........#
#......###.....###.....#...#.#
#...##.###......#.....#....#.#
##...#.##............#.>...#.####


There were no monsters in sight!

Vanquished Creatures
  An ooze (D:1)
  A dart slug (D:1)
  2 kobolds (D:1)
  4 rats (D:1)
8 creatures vanquished.

Notes
Turn   | Place    | Note
-------+----------+-------------------------------------------
     0 | D:1      | Alarkh the Demonspawn Fighter began the quest for the Orb.
     0 | D:1      | Reached XP level 1. HP: 18/18 MP: 1/1
   442 | D:1      | Gained mutation: You are immune to rotting. [demonic
                  | ancestry]
   442 | D:1      | Reached XP level 2. HP: 18/24 MP: 2/2
   477 | D:$      | Got out of the dungeon alive.

Levels and vault maps discovered:
D:1:      onia_arrival_pyramid, layout_loops_corners, minivault_5,
          minmay_tripent

Skill      XL: |  1 |
---------------+----+-----
Long Blades    | 2 |  2.6
Fighting       | |  3.0
Armour         | |  2.6
Shields        | |  2.6

Action                   || total
-------------------------++-------
Melee: Long sword        ||    30
Armor: Scale mail        ||     8
Dodge: Dodged            ||    11
Block: Shield            ||    13
       Rpst.: Long sword ||     4

Table legend:
 A = Non-vault XP
 B = Vault XP
 C = Vault XP percentage of total XP
 D = Non-vault monster count
 E = Vault monster count
 F = Vault count percentage of total count
                 A         B        C        D         E       F
            +---------+---------+-------+---------+---------+-------
      Total |      17 |       0 |   0.0 |       8 |       0 |   0.0
            +---------+---------+-------+---------+---------+-------
        D:1 |      17 |       0 |   0.0 |       8 |       0 |   0.0
            +---------+---------+-------+---------+---------+-------
